 Dungeon Crawl Stone Soup version 0.30.0-10-gfe55d96785 (webtiles) character file.

Game seed: 8366715621494814093

835 Monkooky the Spear-Bearer (level 7, -1/56 (62) HPs)
             Began as a Naga Delver on May 15, 2023.
             Was a Believer of Ashenzari.
             Slain by a wight
             ... wielding a +0 scimitar
              (6 damage)
             ... on level 5 of the Dungeon.
             The game lasted 00:07:54 (3055 turns).

Monkooky the Spear-Bearer (Naga Delver)             Turns: 3055, Time: 00:07:55

HP:   -1/56 (62)    AC:  4    Str: 16    XL:     7   Next: 98%
MP:   7/7           EV:  8    Int: 10    God:    Ashenzari [**....]
Gold: 261           SH:  0    Dex: 13    Spells: 6/6 levels left

rFire   . . .        t - +1 scythe of the Cursed Sky {venom, Elem, Melee} (curse)
rCold   . . .        (shield currently unavailable)
rNeg    . . .        m - +0 ring mail "Per Aspera Ad Scientiam" {Range, Elem} (curse)
rPois   +            (no helmet)
rElec   .            (no cloak)
rCorr   .            (no gloves)
SInv    +            (no barding)
Will    .....        (no amulet)
Stlth   +++          k - ring of ice
HPRegen 0.29/turn    y - ring of fire
MPRegen 0.10/turn

%: no passive effects
@: mighty, drained, very slow
A: AC +2, large, see invisible, deformed body, poison resistance, slowness 2,
spit poison 1, naga tail 1
a: Spit Poison, Renounce Religion, Shatter the Chains


You were on level 5 of the Dungeon.
You worshipped Ashenzari.
Ashenzari was pleased with you.
You visited 1 branch of the dungeon, and saw 5 of its levels.

You collected 261 gold pieces.

Inventory:

Hand Weapons
 a - a +0 spear
 t - the cursed +1 scythe of the Cursed Sky (weapon) {venom, Elem, Melee}
   (You took it off Sigmund on level 2 of the Dungeon)

   It has a curse which improves the following skills: Elements: Fire Magic, Ice
   Magic, Air Magic and Earth Magic.
   Melee Combat: Short Blades, Long Blades, Axes, Maces & Flails, Polearms,
   Staves and Unarmed Combat.
Armour
 b - a +0 leather armour
 m - the cursed +0 ring mail "Per Aspera Ad Scientiam" (worn) {Range, Elem}
   (You found it on level 3 of the Dungeon)

   It has a curse which improves the following skills: Ranged Combat: Ranged
   Weapons and Throwing.
   Elements:  Fire Magic, Ice Magic, Air Magic and Earth Magic.
Jewellery
 k - a ring of ice (left hand)
 y - a ring of fire (right hand)
Wands
 g - a wand of digging (3)
 n - a wand of paralysis (3)
Scrolls
 c - 4 scrolls of fog
 d - 2 scrolls of magic mapping
 e - 2 scrolls of fear
 h - 2 scrolls of immolation
 i - 2 scrolls of poison
 r - 2 scrolls of enchant armour
 s - a scroll of enchant weapon
 u - a scroll of noise
 v - a scroll of teleportation
 x - a scroll of brand weapon
Potions
 f - a potion of haste
 j - 3 potions of might
 l - a potion of heal wounds
 o - a potion of degeneration
 p - a potion of mutation
 q - a potion of cancellation
 w - a potion of lignification
 z - a potion of berserk rage


   Skills:
 - Level 3.1 Fighting
 + Level 8.7(9.9) Polearms
 - Level 1.7 Dodging
 - Level 7.4 Stealth


You had 6 spell levels left.
You didn't know any spells.
Your spell library contained the following spells:

 Spells                   Type           Power      Damage    Failure   Level
 Magic Dart               Conj           0%         1d3       58%         1
 Call Imp                 Summ           0%         N/A       73%         2
 Cigotuvi's Dreadful Rot  Necr/Pois/Air  0%         N/A       73%         2
 Ignite Poison            Fire/Tmut/Pois 0%         N/A       91%         3
 Mephitic Cloud           Conj/Pois/Air  0%         N/A       91%         3
 Freezing Cloud           Conj/Ice/Air   0%         6-21      100%        5
 Iskenderun's Battlesphe  Conj           0%         2d6       100%        5
 Iron Shot                Conj/Erth      0%         9d1       100%        6
 Spellforged Servitor     Conj/Summ      0%         N/A       100%        7


Dungeon Overview and Level Annotations

Branches:
Dungeon (5/15)             Temple (0/1) D:4

Altars:
Ashenzari
Kikubaaqudgha
Makhleb
Okawaru
Wu Jian

Shops:
D:4 :

Annotations:
D:2 exclusion: downstairs
D:3 exclusion: upstairs
D:4 exclusion: downstairs
D:5 exclusion: sleepcap


Innate Abilities, Weirdness & Mutations

Your serpentine skin is tough. (AC +2)
You have supernaturally acute eyesight. (SInv)
Armour fits poorly on your strangely shaped body.
Your system is resistant to poisons. (rPois)
You cover ground very slowly.
You can spit poison.
You have a snake-like lower body.


Message History

You slash the wight!
The wight is almost destroyed.
The wight hits you but does no damage.
You feel very mighty all of a sudden.
The wight hits you with a +0 short sword.
You barely miss the wight.
The wight is almost destroyed.
The wight hits you with a +0 short sword.
You feel drained. The wight attacks as you move away!
The wight hits you with a +0 short sword!
You puncture the wight!
You destroy the wight!
You hit the wight.
The wight is lightly damaged.
The wight barely misses you.
You hit the wight.
The wight is moderately damaged.
The wight barely misses you.
You barely miss the wight.
The wight is moderately damaged.
The wight hits you with a +3 long sword.
You feel drained.
You slash the wight!
The wight is almost destroyed.
The wight attacks as you move away!
The wight hits you with a +3 long sword.
You feel drained.
* * * LOW HITPOINT WARNING * * *
You slice the wight!!
You destroy the wight!
You hit the wight.
The wight is lightly damaged.
The wight barely misses you.
You barely miss the wight.
The wight is lightly damaged.
The wight attacks as you move away! The wight hits you with a +0 scimitar!
* * * LOW HITPOINT WARNING * * *
You feel drained.
You die...

##...,, , * #.^. ,, *
, * *,* ... * , , *,
... ** , *, * *#.# *
, * #.####### * ,*
##........ * ,* ,
#.@z# * *##+## *
###.#)### ##z..##
#...#z..# #..<..# *
#.#####)##..z..z....#
#...#...#....z.......
#...#...'............
#....###............
####..##
##..........#
#....#.# ##.....#..##


You could see 2 wights.

Vanquished Creatures
  Sigmund (D:2)
  A sky beast (D:5)
  An ogre (D:3)
  3 wights
  2 hounds (D:4)
  An orc priest (D:4)
  Jessica (D:2)
  3 orc wizards (D:4)
  7 adders
  2 ufetubi (D:4)
  A worm (D:2)
  6 dart slugs
  8 orcs
  4 bats
  5 endoplasms
  3 giant cockroaches
  6 goblins
  6 hobgoblins
  4 jackals (D:1)
  2 quokkas
  7 ball pythons
  3 frilled lizards
  2 kobolds
  5 rats
84 creatures vanquished.

Notes
Turn   | Place    | Note
-------+----------+-------------------------------------------
     0 | D:5      | Monkooky the Naga Delver began the quest for the Orb.
     0 | D:5      | Reached XP level 1. HP: 21/21 MP: 1/1
     3 | D:5      | Found an ancient bone altar of Kikubaaqudgha.
    29 | D:5      | Noticed a sleepcap
   100 | D:4      | Reached XP level 2. HP: 21/28 MP: 2/2
   306 | D:4      | Reached skill level 3 in Polearms
   306 | D:4      | Reached XP level 3. HP: 26/34 MP: 3/3
   349 | D:3      | Noticed an ogre
   519 | D:2      | Noticed Jessica
   539 | D:2      | Killed Jessica
   540 | D:2      | Reached skill level 4 in Polearms
   540 | D:2      | Reached XP level 4. HP: 26/42 MP: 4/4
   691 | D:2      | Noticed Sigmund
   873 | D:3      | Killed an ogre
   874 | D:3      | Reached skill level 5 in Polearms
   874 | D:3      | Reached XP level 5. HP: 49/49 MP: 5/5
   895 | D:4      | Found a broken altar of Ashenzari.
   903 | D:4      | Became a worshipper of Ashenzari the Shackled
  1217 | D:3      | Found an ornate altar of the Wu Jian Council.
  1334 | D:2      | Killed Sigmund
  1335 | D:2      | Reached skill level 6 in Polearms
  1335 | D:2      | Reached XP level 6. HP: 56/56 MP: 6/6
  1514 | D:1      | Reached * piety under Ashenzari
  1585 | D:1      | Found a faded altar of an unknown god.
  2009 | D:2      | Reached ** piety under Ashenzari
  2350 | D:4      | Reached skill level 7 in Polearms
  2350 | D:4      | Reached XP level 7. HP: 55/62 MP: 7/7
  2409 | D:4      | Found a burning altar of Makhleb.
  2435 | D:4      | Found a staircase to the Ecumenical Temple.
  2697 | D:4      | Found an iron altar of Okawaru.
  2732 | D:4      | Found Nuhu Judd's Vocational Training.
  2850 | D:4      | Reached skill level 8 in Polearms
  3055 | D:5      | Slain by a wight

Illustrated notes

Levels and vault maps discovered:
D:1:      eino_arrival_water_cross, layout_rooms,
          shapermc_ecumenical_altar_totnotflames, nrook_loot_triangle
D:2:      layout_basic, uniq_sigmund, uniq_jessica
D:3:      layout_rooms, nzn_wu_jian_contemplation
D:4:      layout_loops_ring, kennysheep_okawaru_gauntlet,
          mainiacjoe_overflow_surrounded_room, makhleb_heckhound_becter,
          minmay_temple_entry_mist, st_stairs_1, minmay_statues_item,
          nicolae_shop_vocational
D:5:      layout_loops_corners, lemuel_coloured_pillars_altar,
          mainiacjoe_overflow_concentric_impassable, minmay_fire_ice_demons,
          uniq_eustachio, uniq_duvessa

Skill      XL: |  1  2  3  4  5  6  7 |
---------------+----------------------+-----
Polearms       | 3 4 5 6 7 8 |  8.7
Fighting       | |  3.1
Dodging        | |  1.7
Stealth        | |  7.4

Action                     |  1- 3 |  4- 6 |  7- 9 || total
---------------------------+-------+-------+-------++-------
  Melee: Spear             |    59 |    28 |       ||    87
         Halberd           |       |    46 |    52 ||    98
 Invoke: Curse Item        |       |     2 |       ||     2
Ability: Spit Poison       |    20 |    40 |     8 ||    68
  Evoke: Wand              |       |     3 |     1 ||     4
    Use: Potion            |       |       |     1 ||     1
   Stab: Sleeping          |     1 |     1 |     2 ||     4
         Paralysed         |       |    10 |     4 ||    14
         Distracted        |       |       |     1 ||     1
 Armour: Leather armour    |     7 |    13 |       ||    20
         Ring mail         |       |    26 |     6 ||    32
  Dodge: Dodged            |    32 |    39 |     8 ||    79
